[Event "Marshall CC U2400 January 2024"]
[Site "New York"]
[Date "2024.01.22"]
[Round "5.2"]
[White "Kozower, Ethan"]
[Black "Bonin, Jay"]
[Result "0-1"]
[ECO "B12"]
[WhiteElo "1904"]
[BlackElo "2166"]
[Annotator "TA"]
[PlyCount "78"]
[EventDate "2024.01.19"]
[EventType "swiss"]
[EventCountry "USA"]
[SourceTitle "playchess.com"]
[Source "ChessBase"]
[SourceQuality "1"]
[TimeControl "5400+30"]

1. e4 c6 2. d4 a6 3. Nd2 d5 4. Ngf3 Bg4 5. c3 Nf6 6. e5 Ng8 7. h3 Bf5 8. Nh4 {[%emt 0:02:04] White is better.} Bc8 9. Bd3 e6 10. Nhf3 c5 11. O-O Nc6 12. Re1 cxd4 13. cxd4 g6 14. Nf1 Qb6 15. Bc2 Bg7 16. a3 Nge7 17. Rb1 O-O 18. Ne3 h5 {[%emt 0:04:25] Dodges Ng4} (18... f5 $1 $14) 19. g4 (19. g3 {simplifies} Re8 20. Ng2 Nf5 21. Bxf5 exf5 22. Nf4) 19... f6 $2 (19... hxg4 $16 20. Nxg4 (20. hxg4 f6 $14) 20... Nf5) 20. gxh5 $1 $18 fxe5 21. hxg6 e4 {[%emt 0:07:20] [#]} 22. Nh4 Nxd4 23. Qh5 {[%emt 0:00:56][%csl Gg6][%cal Rh5h7] Wards off Rf3} Nf3+ {[%emt 0:11:28] [#]} (23... Nxg6 $16 {was necessary.} 24. Nxg6 Nf3+ 25. Kf1 Qb5+ 26. Re2 Qe8) 24. Nxf3 (24. Kh1 $1 $18 Rf4 25. Nxf3 Rxf3 26. Bd1) 24... Rxf3 $16 25. Ng4 (25. Bd2 $16 {Black must now prevent Bb4.} a5 26. Qh7+ Kf8 27. Bc3) 25... e5 $1 $15 {[%emt 0:01:23] ...Bxg4 is the strong threat. The board is on fire.} 26. Qh7+ ({White should play} 26. Re3 $1 $15 Bxg4 27. hxg4) 26... Kf8 $17 27. Bh6 $2 (27. Re3 $17 Bxg4 (27... Qxg6 $2 28. Rxf3+ Ke8 29. Qxg6+ Nxg6 30. Nf6+ Bxf6 31. Rxf6 $18) 28. hxg4) 27... Qxg6 $19 (27... Rxh3 28. Qh8+ (28. Bxg7+ Ke8 $18) 28... Ng8 29. Qxg7+ (29. Bxg7+ Ke7 $18) 29... Ke8 30. Ba4+ (30. Qxg8+ Kd7 $18) 30... Kd8 31. Bg5+ (31. Qxg8+ Kc7 $18) (31. Qxg8+ Kc7 $18)) 28. Qh8+ Kf7 29. Qxg7+ Qxg7 30. Bxg7 Bxg4 31. hxg4 Kxg7 32. Bd1 Rh3 {[%emt 0:00:26] aiming for ...Rah8.} 33. Re3 Rh4 34. Rc1 (34. Rb3 $142) 34... Nc6 $2 (34... Rah8 $19 {is more deadly.} 35. Kf1 Rh1+ 36. Ke2 R8h2) 35. Rc5 (35. Rb3 $17 {was forced.} Ra7 36. Kg2) 35... Rah8 $2 (35... Rd8 $19 {Threatens to win with ...Kf6.} 36. Rb3 Rd7) 36. Rxd5 $11 Nd4 $36 {[%emt 0:00:32][%mdl 2048] ...Rh1+ would now be deadly. White is under pressure.} 37. Ba4 $2 (37. Rd7+ $2 Kf6 38. Rd6+ Kg5 (38... Ke7 39. Rxd4 Rh1+ 40. Kg2 $11) 39. Rxe4 Rh1+ 40. Kg2 Rxd1 $17) (37. Rxe4 $11 Rh1+ 38. Kg2) 37... Nf3+ {[%emt 0:00:57] Black mates.} 38. Kg2 Rh2+ 39. Kf1 Rh1+ {[%emt 0:00:04] Weighted Error Value: White=0.72/Black=0.44.  Loses game:     	White=2     	Black=1      Missed win:     	---       	Black=3      Mistake:       	White=5     	Black=2      Inaccurate:     	White=1     	Black=1      OK:         	White=8     	Black=16     Best:        	White=2     	Black=1      Strong:       	White=1     	Black=1} 0-1

[Event "Marshall CC U2400 January 2024"]
[Site "New York"]
[Date "2024.01.22"]
[Round "5.3"]
[White "Jiang, Jason"]
[Black "Das, Aditeya"]
[Result "1-0"]
[ECO "D45"]
[WhiteElo "1864"]
[BlackElo "1791"]
[Annotator "NA RC COMBH"]
[PlyCount "51"]
[EventDate "2024.01.19"]
[EventType "swiss"]
[EventCountry "USA"]
[SourceTitle "playchess.com"]
[Source "ChessBase"]
[SourceQuality "1"]
[TimeControl "5400+30"]

1. c4 c6 2. Nf3 Nf6 3. Nc3 d5 4. e3 e6 5. b3 Nbd7 6. d4 Bd6 7. Be2 O-O 8. O-O b6 9. Bb2 Bb7 10. Rc1 a6 11. Qc2 c5 12. cxd5 cxd4 13. Nxd4 Nxd5 14. Nxd5 Bxd5 15. Bf3 Bxf3 16. Nxf3 Qe7 17. Rfd1 Rfd8 18. Nd4 Ne5 19. f4 Ng4 20. Nc6 Qh4 21. g3 Qh3 22. Nxd8 Bc5 23. Bd4 Nxe3 24. Bxe3 Bxe3+ 25. Kh1 Bxc1 26. Qc6 1-0

[Event "Marshall CC U2400 January 2024"]
[Site "New York"]
[Date "2024.01.22"]
[Round "5.4"]
[White "Paragua, Megan Althea"]
[Black "Ulloa Centeno, Leandro Nicolas"]
[Result "1/2-1/2"]
[ECO "A48"]
[WhiteElo "2006"]
[BlackElo "1647"]
[Annotator "RC"]
[PlyCount "165"]
[EventDate "2024.01.19"]
[EventType "swiss"]
[EventCountry "USA"]
[SourceTitle "playchess.com"]
[Source "ChessBase"]
[SourceQuality "1"]
[TimeControl "5400+30"]

1. d4 Nf6 2. Nf3 g6 3. e3 Bg7 4. Be2 O-O 5. O-O d6 6. b3 c5 7. Bb2 Nc6 8. Nbd2 b6 9. c4 a5 10. d5 Nb8 11. e4 Na6 12. Re1 Nc7 13. Qc2 e5 14. dxe6 Nxe6 15. Bf1 Nd7 16. Bxg7 Kxg7 17. g3 Ne5 18. Bg2 Bb7 19. Rad1 Nc6 20. Qc3+ f6 21. Nf1 Ned4 22. Nxd4 Nxd4 23. Nd2 Qc7 24. Nf3 Nc6 25. Rd2 Bc8 26. Red1 Bg4 27. Rd3 d5 28. Rxd5 Rad8 29. Rxd8 Rxd8 30. Rd5 Bxf3 31. Bxf3 Nb4 32. Rd2 Nc6 33. Bg2 Qe5 34. Qxe5 fxe5 35. Rd5 Rxd5 36. cxd5 Nb4 37. a4 c4 38. bxc4 Nd3 39. f4 Kf6 40. Bh3 exf4 41. Bf1 Nc5 42. gxf4 Nxe4 43. Bd3 Nc3 44. Bc2 Ne2+ 45. Kf2 Nxf4 46. Kf3 Ke5 47. h4 Nh5 48. Kg4 Kf6 49. Bb1 Ng7 50. Kf4 Ne8 51. Ke4 Nd6+ 52. Kd4 Nb7 53. Bc2 Nc5 54. Bd1 h6 55. Bc2 g5 56. hxg5+ hxg5 57. Bd1 Kf5 58. Bc2+ Kf4 59. Bd1 Kf5 60. Bc2+ Kf6 61. Bd1 Nb7 62. Bg4 Nc5 63. Bd1 Ke7 64. Ke5 Nd3+ 65. Kf5 g4 66. Bxg4 Nb2 67. Ke5 Nxc4+ 68. Kd4 Nb2 69. Be2 Nxa4 70. Kc4 Nc5 71. Kb5 Nd7 72. Kc6 a4 73. Kb5 a3 74. Bc4 Kd6 75. Kb4 Nf6 76. Kxa3 Kc5 77. Bb3 Ne4 78. Ka4 b5+ 79. Ka5 Nd2 80. Bd1 Nc4+ 81. Ka6 b4 82. Bb3 Nd2 83. d6 1/2-1/2